 Dungeon Crawl Stone Soup version 0.32-a0-818-gb728d0252e (webtiles) character file.

Game seed: 2409187356960923509

179 AstroCodex24 the Shield-Bearer (level 5, -1/41 HPs)
             Began as a Vampire Fighter on Mar 23, 2024.
             Slain by a scorpion (4 damage)
             ... on level 4 of the Dungeon.
             The game lasted 00:03:31 (563 turns).

AstroCodex24 the Shield-Bearer (Vampire Fighter)     Turns: 563, Time: 00:03:31

Health: -1/41      AC:  9    Str: 17    XL:     5   Next: 32%
Magic:  5/5        EV:  9    Int: 10    God:
Gold:   56         SH:  4    Dex: 14    Spells: 4/4 levels left

rFire   . . .        a - +0 war axe
rCold   . . .        c - +0 buckler
rNeg    . . .        f - +3 ring mail
rPois   .            e - +0 helmet
rElec   .            (no cloak)
rCorr   .            (no gloves)
SInv    +            (no boots)
Will    .....        (no amulet)
Stlth   +            b - ring of wizardry
HPRegen 0.46/turn    (no ring)
MPRegen 0.09/turn

%: wizardry (x1)
@: lethally poisoned (-1 -> -8), healing quickly
A: alive, fangs 3, see invisible, vampiric 2
a: Exsanguinate


You were on level 4 of the Dungeon.
You visited 1 branch of the dungeon, and saw 5 of its levels.

You collected 56 gold pieces.

Inventory:

Hand Weapons
 a - a +0 war axe (weapon)
Armour
 c - a +0 buckler (worn)
 e - a +0 helmet (worn)
 f - a +3 ring mail (worn)
Jewellery
 b - a ring of wizardry (left hand)
Wands
 g - a wand of flame (10)
Potions
 d - a potion of might


   Skills:
 + Level 3.3 Fighting
 + Level 3.1 Axes
 + Level 3.2 Armour
 + Level 1.1 Dodging
 + Level 0.1 Stealth
 + Level 3.4 Shields
 + Level 0.1 Evocations


You had 4 spell levels left.
You didn't know any spells.
Your spell library was empty.

Dungeon Overview and Level Annotations

Branches:
Dungeon (5/15)
 Temple: D:4-7

Altars:


Innate Abilities, Weirdness & Mutations

Your natural rate of healing is accelerated.
You have razor-sharp teeth.
You have supernaturally acute eyesight. (SInv)
You are afflicted with vampirism and can become a bat while bloodless.


Message History

The scorpion stings you.
The scorpion stings you but does no damage.
The scorpion attacks as it pursues you! The scorpion stings you.
You hit the jelly.
Your hands burn!
The jelly is moderately wounded.
You hit the scorpion but do no damage. The jelly hits you but does no damage.
The scorpion stings you.
You are poisoned.
The scorpion poisons you!
You slash the jelly!
You kill the jelly!
You hit the scorpion.
You feel very sick. The scorpion closely misses you. The scorpion stings you.
You are lethally poisoned!
The scorpion poisons you!
Your Dodging skill increases to level 1!
Aiming: Throw Flame
Press: ? - help, Q - select action Shift-Dir - straight line, f - scorpion
Aim: a scorpion (moderately wounded, 68% to hit)
The puff of flame hits the scorpion.
The scorpion is severely wounded.
* * * LOW HITPOINT WARNING * * *
You feel very sick. The scorpion barely misses you.
Aiming: Throw Flame
Press: ? - help, Q - select action Shift-Dir - straight line, f/p - scorpion
Aim: a scorpion (severely wounded, 68% to hit)
The puff of flame misses the scorpion.
* * * LOW HITPOINT WARNING * * *
You feel very sick. You block the scorpion's attack.
Aiming: Throw Flame
Press: ? - help, Q - select action Shift-Dir - straight line, f/p - scorpion
Aim: a scorpion (severely wounded, 68% to hit)
The puff of flame misses the scorpion.
* * * LOW HITPOINT WARNING * * *
You feel very sick. The scorpion stings you.
You die...

#.....#.#
#.....#.#
#.....#<# ##
#.###....##...
#.............
######....##...
#..............
#.##..s...#....
.......@..#.###
..........# .
.............#
.............#
..#####......#
.. #......#
#####..# ..#


You could see a scorpion.

Vanquished Creatures
  A phantom (D:5)
  A bombardier beetle (D:3)
  A jelly (D:4)
  A gnoll (D:5)
  2 adders
  A dart slug (D:1)
  3 bats
  3 endoplasms
  A giant cockroach (D:1)
  A hobgoblin (D:2)
  A ball python (D:2)
  2 rats
18 creatures vanquished.

Notes
Turn   | Place    | Note
-------+----------+-------------------------------------------
     0 | D:1      | AstroCodex24 the Vampire Fighter began the quest for the
                  | Orb.
     0 | D:1      | Reached XP level 1. HP: 17/17 MP: 1/1
   171 | D:2      | Reached XP level 2. HP: 23/23 MP: 2/2
   340 | D:3      | Noticed a bombardier beetle
   351 | D:3      | Killed a bombardier beetle
   352 | D:3      | Gained mutation: You are afflicted with vampirism and can
                  | become a bat while bloodless. [Vampire growth]
   352 | D:3      | Reached XP level 3. HP: 27/29 MP: 3/3
   412 | D:3      | You fall into a shaft and drop 2 floors!
   412 | D:5      | Entered Level 5 of the Dungeon
   415 | D:5      | Noticed a phantom
   429 | D:5      | Killed a phantom
   430 | D:5      | Reached XP level 4. HP: 32/35 MP: 4/4
   501 | D:5      | Reached XP level 5. HP: 2/41 MP: 5/5
   561 | D:4      | Reached skill level 1 in Dodging
   563 | D:4      | Slain by a scorpion

Illustrated notes

Levels and vault maps discovered:
D:1:      roadster_arrival_rocket_small, layout_basic
D:2:      layout_basic, st_stairs_5
D:3:      layout_basic, led_sif_book, serial_shops, nicolae_shop_waterfront
D:4:      layout_basic, mainiacjoe_overflow_brackets, uniq_natasha
D:5:      lemuel_insect_pit, layout_basic, nicolae_elyvilon_peaceful_grove,
          minmay_temple_entry_proselytizer, minmay_chambers_of_fives

Skill      XL: |  1  2  3  4  5 |
---------------+----------------+-----
Fighting       | 3 |  3.3
Axes           | 2 3 |  3.1
Shields        | 3 |  3.4
Armour         | 3 |  3.2
Dodging        | 1 |  1.1
Stealth        | |  0.1
Evocations     | |  0.1

Action                     |  1- 3 |  4- 6 || total
---------------------------+-------+-------++-------
  Melee: War axe           |    39 |    16 ||    55
         Bite              |     4 |     3 ||     7
  Evoke: Wand              |     3 |     5 ||     8
    Use: Scroll            |       |     1 ||     1
 Armour: Scale mail        |    21 |       ||    21
         Ring mail         |    16 |    29 ||    45
  Dodge: Dodged            |     9 |    11 ||    20
  Block: Buckler           |    14 |     4 ||    18

Table legend: (Time is in decaauts)
 A = Elapsed time spent in this place.
 B = Non-inter-level travel time spent in this place.
 C = Inter-level travel time spent in this place.
 D = Time resting spent in this place.
 E = Time spent auto-exploring this place.
 F = Levels seen in this place.
 G = Mean time per level.
                   A        B        C        D        E       F      G
               +--------+--------+--------+--------+--------+-----+--------+
         Total |    585 |    585 |      0 |      0 |      0 |   5 |  117.0 |
       Dungeon |    585 |    585 |      0 |      0 |      0 |   5 |  117.0 |
               +--------+--------+--------+--------+--------+-----+--------+

Top non-repeatable levels by time:
     D:2: 191 daAuts
     D:1: 157 daAuts
     D:5: 110 daAuts
     D:3: 75 daAuts
     D:4: 50 daAuts
